Selects Air and Sea Battlegroup
Construct Section Command Post
Construct Field Infirmary
Construct Platoon Command Post
Selects Commando Section Paradrop
Selects M1 Pack Howitzer Paradrop
Commando Section Paradrop
Commando Section Paradrop
6-pounder Anti-tank Gun Team
M1 Pack Howitzer Paradrop
Construct Company Command Post
Selects Anti-tank Rocket Loiter
Commando Section Paradrop
Selects Naval Bombardment